 Dungeon Crawl Stone Soup version 0.27-a0-1591-gc56fcc985a (webtiles) character file.

Game seed: 7021373036659728529

71 lewky the Ruffian (level 4, -3/40 HPs)
             Began as a Ghoul Monk on July 19, 2021.
             Slain by a gnoll (11 damage)
             ... on level 2 of the Dungeon on July 20, 2021.
             The game lasted 00:35:27 (2126 turns).

lewky the Ruffian (Ghoul Monk)                      Turns: 2126, Time: 00:35:28

Health: -3/40      AC:  2    Str: 12 (15) XL:     4   Next: 24%
Magic:  3/3        EV: 12    Int:  2 (5)  God:
Gold:   43         SH:  0    Dex: 10 (11) Spells: 3/3 levels left

rFire    . . .     SeeInvis .     - Unarmed
rCold    + . .     Faith    .   (no shield)
rNeg     + + +     Spirit   .   a - +0 robe
rPois    ∞         Reflect  .   (no helmet)
rElec    .         Harm     .   (no cloak)
rCorr    .         Rampage  .   (no gloves)
Will     .....                  (no boots)
Stlth    ++........             (no amulet)
HPRegen  0.00/turn              (no ring)
MPRegen  0.08/turn              (no ring)

@: no status effects
A: claws 1, cold resistance 1, negative energy resistance 3, inhibited
regeneration, torment resistance 2
a: no special abilities


You were on level 2 of the Dungeon.
You visited 1 branch of the dungeon, and saw 2 of its levels.

You collected 43 gold pieces.

Inventory:

Hand Weapons
 b - a +0 dagger
 e - a +0 club
 f - a +0 dagger
 g - a +0 club
 h - a +0 mace
 i - a +0 dagger
 j - a +0 dagger
 k - a +0 dagger
Missiles
 d - 32 stones (quivered)
Armour
 a - a +0 robe (worn)
 c - a +0 robe
Jewellery
 l - a +6 ring of intelligence
Potions
 m - 2 potions of flight {unknown}


   Skills:
 + Level 3.7 Fighting
 + Level 0.2 Throwing
 + Level 3.2 Dodging
 + Level 2.5 Stealth
 + Level 4.4 Unarmed Combat


You had 3 spell levels left.
You didn't know any spells.
Your spell library was empty.

Dungeon Overview and Level Annotations

Branches:
Dungeon (2/15)

Altars:

Annotations:
D:1 1 exclusion


Innate Abilities, Weirdness & Mutations

You thrive by killing the living.
You are immune to poison.
You have sharp fingernails.
Your flesh is cold resistant. (rC+)
You are immune to negative energy. (rN+++)
You do not regenerate when monsters are visible.
You are immune to unholy pain and torment.


Message History

A gnoll comes into view.
It is wielding a +2 halberd of protection.
The gnoll hits you from afar with a +0 spear.
A gnoll comes into view. It is wielding a +0 whip.
Throw: 35 stones
Press: ? - help, Q - select action Shift-Dir - straight line, f/p - gnoll
Aim: a gnoll, wielding a +0 spear (lightly wounded, 60% to hit)
You throw a stone. The stone barely misses the gnoll.
The gnoll shouts!
The gnoll shouts!
The gnoll closely misses you.
Throw: 34 stones
Press: ? - help, Q - select action Shift-Dir - straight line, f/p - gnoll
Aim: a gnoll, wielding a +0 spear (lightly wounded, 60% to hit)
You throw a stone. The stone barely misses the gnoll.
The gnoll hits you from afar with a +0 spear.
Unknown command.
Throw: 33 stones
Press: ? - help, Q - select action Shift-Dir - straight line, f/p - gnoll
Aim: a gnoll, wielding a +0 spear (lightly wounded, 60% to hit)
You throw a stone.
The stone hits the gnoll but does no damage.
The gnoll is lightly wounded.
The gnoll closely misses you.
The gnoll hits you from afar with a +2 halberd of protection!
The gnoll barely misses you. The gnoll barely misses you.
The gnoll hits you from afar with a +2 halberd of protection!
The gnoll closely misses you. The gnoll hits you with a +0 whip.
* * * LOW HITPOINT WARNING * * *
The gnoll barely misses you.
You are too injured to fight recklessly!
You are too injured to fight recklessly!
You are too injured to fight recklessly!
You are too injured to fight recklessly!
You are too injured to fight recklessly!
You are too injured to fight recklessly!
You are too injured to fight recklessly!
The gnoll closely misses you.
The gnoll hits you from afar with a +2 halberd of protection!
You die...

#...................#####.#
##########.##.............#
#.......##.#######
#(.<....##.# ###..........#
..(........####
..###(......# ..........#
###### ###...gg@.# #.....
####g#.###########.#.##
#..(.......##......#
###.######.##....... #.#
#.##.._.... #.# #....8.8...
#.# ###........ #.#
#.##..... #.# #.####.##


You could see 3 gnolls.

Vanquished Creatures
  A worm (D:2)
  3 dart slugs
  3 ball pythons (D:1)
  5 bats
  8 endoplasms
  3 giant cockroaches (D:1)
  2 goblins (D:1)
  4 hobgoblins
  13 jackals
  A quokka (D:2)
  A frilled lizard (D:1)
  3 kobolds
  6 rats (D:1)
53 creatures vanquished.

Notes
Turn   | Place    | Note
-------+----------+-------------------------------------------
     0 | D:1      | lewky the Ghoul Monk began the quest for the Orb.
     0 | D:1      | Reached XP level 1. HP: 19/19 MP: 0/0
    54 | D:1      | Reached XP level 2. HP: 12/26 MP: 1/1
  1106 | D:1      | Reached XP level 3. HP: 25/31 MP: 2/2
  1438 | D:1      | Reached skill level 4 in Unarmed Combat
  1938 | D:2      | Reached XP level 4. HP: 40/40 MP: 3/3
  2061 | D:2      | Found a faded altar of an unknown god.
  2126 | D:2      | Slain by a gnoll

Illustrated notes

Levels and vault maps discovered:
D:1:      giann_bridges, layout_rooms
D:2:      layout_loops_ring, dreamdust_ecumenical_altar_statues

Skill      XL: |  1  2  3 |
---------------+----------+-----
Dodging        | 3 |  3.2
Unarmed Combat | 4 |  4.4
Fighting       | |  3.7
Throwing       | |  0.2
Stealth        | |  2.5

Action                   |  1- 3 |  4- 6 || total
-------------------------+-------+-------++-------
Melee: Unarmed           |   126 |    36 ||   162
Throw: Stone             |    30 |    24 ||    54
  Use: Potion            |     2 |       ||     2
 Stab: Sleeping          |     1 |       ||     1
Armor: Robe              |    31 |    15 ||    46
Dodge: Dodged            |   102 |    47 ||   149

Table legend: (Time is in decaauts)
 A = Elapsed time spent in this place.
 B = Non-inter-level travel time spent in this place.
 C = Inter-level travel time spent in this place.
 D = Time resting spent in this place.
 E = Time spent auto-exploring this place.
 F = Levels seen in this place.
 G = Mean time per level.
                   A        B        C        D        E       F      G
               +--------+--------+--------+--------+--------+-----+--------+
         Total |   2114 |   1888 |    226 |    597 |    295 |   2 | 1057.0 |
       Dungeon |   2114 |   1888 |    226 |    597 |    295 |   2 | 1057.0 |
               +--------+--------+--------+--------+--------+-----+--------+

Top non-repeatable levels by time:
     D:1: 1564 daAuts
     D:2: 550 daAuts
